 Dungeon Crawl Stone Soup version 0.25-a0-577-ga4619f4 (webtiles) character file.

Game seed: 12971844862878828122, levelgen mode: deterministic

35 15 the Insei (level 3, 18/18 HPs)
             Began as a Vine Stalker Transmuter on Mar 2, 2020.
             Quit the game on level 1 of the Dungeon.
             The game lasted 00:02:06 (948 turns).

15 the Insei (Vine Stalker Transmuter)               Turns: 948, Time: 00:02:06

Health: 18/18      AC:  2    Str: 12    XL:     3   Next: 33%
Magic:  7/7        EV: 12    Int: 14    God:
Gold:   17         SH:  0    Dex: 14    Spells: 3/6 levels left

rFire    . . .     SeeInvis .     - Unarmed
rCold    . . .     Gourm    .   (no shield)
rNeg     . . .     Faith    .   b - +0 robe
rPois    .         Spirit   +   (no helmet)
rElec    .         Reflect  .   (no cloak)
rCorr    .         Harm     .   (no gloves)
MR       +....                  (no boots)
Stlth    +.........             (no amulet)
HPRegen  0.06/turn              j - ring of protection from magic
MPRegen  0.10/turn              (no ring)

@: no status effects
A: fangs 2, magic shield, antimagic bite, no potion heal 3, rot immunity
a: no special abilities


You were on level 1 of the Dungeon.
You were not hungry.

You visited 1 branch of the dungeon, and saw 1 of its levels.

You collected 17 gold pieces.

Inventory:

Hand Weapons
 h - a +1 dagger of venom
Missiles
 a - 12 arrows
Armour
 b - a +0 robe (worn)
Jewellery
 j - a ring of protection from magic (left hand)
Scrolls
 e - a scroll of enchant weapon {unknown}
 g - a scroll of teleportation {unknown}
Potions
 c - a potion of lignification
 i - 3 potions of haste
 k - a potion of brilliance
Comestibles
 d - 4 rations
 f - 3 chunks of flesh


   Skills:
 * Level 1.3 Fighting
 + Level 1.6 Dodging
 + Level 0.3 Stealth
 + Level 3.7 Unarmed Combat
 * Level 2.4 Spellcasting
 + Level 2.1 Transmutations


You had 3 spell levels left.
You knew the following spells:

 Your Spells              Type           Power        Failure   Level  Hunger
a - Beastly Appendage     Tmut           #.....       10%         1    #......
b - Sticks to Snakes      Tmut           #.......     14%         2    ###....

Your spell library contained the following spells:

 Spells                   Type           Power        Failure   Level  Hunger
 Spider Form              Tmut/Pois      #.........   41%         3    ###....
 Ice Form                 Ice/Tmut       #.......     82%         4    #####..
 Blade Hands              Tmut           #.........   95%         5    ######.


Dungeon Overview and Level Annotations

Branches:
Dungeon (1/15)

Altars:


Innate Abilities, Weirdness & Mutations

You have extremely sharp teeth.
When hurt, damage is shared between your health and your magic reserves.
Your bite disrupts and absorbs the magic of your enemies.
Potions cannot restore your health.
You are immune to rotting.


Message History

Found a potion of haste.
You see here a rat corpse.
You punch the dart slug! You bite the dart slug. You drain its power.
You feel invigorated.
The dart slug is almost dead.
You hit the dart slug.
You kill the dart slug!
Your transformation is almost over.
You see here a rat corpse.
You butcher the rat corpse.
f - 3 chunks of flesh (gained 1)
You see here a rat skeleton.
d - 4 rations (gained 1)
Your talons disappear.
You see here a rat skeleton.
i - 3 potions of haste (gained 1)
Found a ring mail.
You see here a ring mail.
e - a scroll labeled FUM ARCHUKHIWI Are you sure you want to abandon this character and quit the game? (Confirm with "yes".)

### #.. #.# #.#
# #@# #.## #.#
#... #.# .#...
#.# >.... #[#
.#... #.# ####
#.# #.# ###
#.###########.#


There were no monsters in sight!

Vanquished Creatures
  3 dart slugs (D:1)
  5 bats (D:1)
  A giant cockroach (D:1)
  4 goblins (D:1)
  7 jackals (D:1)
  3 kobolds (D:1)
  4 rats (D:1)
27 creatures vanquished.

Notes
Turn   | Place    | Note
-------+----------+-------------------------------------------
     0 | D:1      | 15 the Vine Stalker Transmuter began the quest for the Orb.
     0 | D:1      | Reached XP level 1. HP: 9/9 MP: 4/4
    22 | D:1      | Reached skill level 1 in Fighting
    26 | D:1      | Reached XP level 2. HP: 7/14 MP: 1/6
    48 | D:1      | Learned a level 2 spell: Sticks to Snakes
   573 | D:1      | Reached XP level 3. HP: 12/18 MP: 5/7
   948 | D:1      | Quit the game

Levels and vault maps discovered:
D:1:      elethiomel_arrival_shortcut, layout_basic

Skill      XL: |  1 |
---------------+----+-----
Fighting       | 1 |  1.3
Dodging        | |  1.6
Stealth        | |  0.3
Unarmed Combat | |  3.7
Spellcasting   | |  2.4
Transmutations | |  2.1

Action                   || total
-------------------------++-------
Melee: Unarmed           ||    71
       Bite              ||    16
       Kick              ||     9
       Headbutt          ||     3
       Punch             ||     1
 Cast: Beastly Appendage ||     8
  Use: Scroll            ||     3
Armor: Robe              ||    12
Dodge: Dodged            ||    42

Table legend:
 A = Non-vault XP
 B = Vault XP
 C = Vault XP percentage of total XP
 D = Non-vault monster count
 E = Vault monster count
 F = Vault count percentage of total count
                 A         B        C        D         E       F
            +---------+---------+-------+---------+---------+-------
      Total |      50 |       0 |   0.0 |      27 |       0 |   0.0
            +---------+---------+-------+---------+---------+-------
        D:1 |      50 |       0 |   0.0 |      27 |       0 |   0.0
            +---------+---------+-------+---------+---------+-------
